 Dungeon Crawl Stone Soup version 0.26.1-11-gd32895ea62 (webtiles) character file.

Game seed: 9414416388774322121

102 Almogavar the Skirmisher (level 4, -15/41 HPs)
             Began as a Gnoll Wanderer on Apr 13, 2021.
             Killed by divine providence
             ... invoked by an orc priest
              (17 damage)
             ... on level 6 of the Dungeon.
             The game lasted 00:06:24 (2775 turns).

Almogavar the Skirmisher (Gnoll Wanderer)           Turns: 2775, Time: 00:06:25

Health: -15/41     AC:  4    Str: 18    XL:     4   Next: 78%
Magic:  5/5        EV: 14    Int: 13    God:
Gold:   159        SH:  0    Dex: 13    Spells: 5/5 levels left

rFire    . . .     SeeInvis .   c - +0 spear
rCold    . . .     Faith    .   (no shield)
rNeg     . . .     Spirit   .   e - +0 robe
rPois    .         Reflect  .   (no helmet)
rElec    .         Harm     .   k - +1 cloak
rCorr    .         Rampage  .   (no gloves)
Will     .....                  (no boots)
Stlth    +++.......             (no amulet)
HPRegen  0.13/turn              (no ring)
MPRegen  0.09/turn              (no ring)

@: attractive, hasted, very quick
A: distributed training, fangs 1, strong nose
a: no special abilities


You were on level 6 of the Dungeon.
You visited 1 branch of the dungeon, and saw 4 of its levels.

You collected 159 gold pieces.

Inventory:

Hand Weapons
 a - a +2 dagger
 c - a +0 spear (weapon)
Armour
 e - a +0 robe (worn)
 k - a +1 cloak (worn)
Scrolls
 d - a scroll of teleportation
 f - 2 scrolls of fog
 h - 2 scrolls of enchant armour
 i - 2 scrolls of magic mapping
 m - a scroll of remove curse
 n - a scroll of enchant weapon {unknown}
Potions
 b - 2 potions of haste
 g - a potion of flight
 j - 2 potions of brilliance


   Skills:
 + Level 6.6 Fighting
 + Level 1.2 Short Blades
 + Level 1.2 Long Blades
 + Level 1.2 Axes
 + Level 1.2 Maces & Flails
 + Level 4.7 Polearms
 + Level 1.2 Staves
 + Level 1.2 Slings
 + Level 1.2 Bows
 + Level 1.2 Crossbows
 + Level 1.2 Throwing
 + Level 1.2 Armour
 + Level 4.7 Dodging
 + Level 4.3 Stealth
 + Level 2.8 Shields
 + Level 1.2 Unarmed Combat
 + Level 1.2 Spellcasting
 + Level 1.0 Conjurations
 + Level 1.0 Hexes
 + Level 1.0 Summonings
 + Level 1.0 Necromancy
 + Level 1.0 Translocations
 + Level 1.0 Transmutations
 + Level 1.0 Fire Magic
 + Level 1.0 Ice Magic
 + Level 1.0 Air Magic
 + Level 1.0 Earth Magic
 + Level 1.0 Poison Magic
 + Level 1.3 Invocations
 + Level 1.2 Evocations


You had 5 spell levels left.
You didn't know any spells.
Your spell library was empty.

Dungeon Overview and Level Annotations

Branches:
Dungeon (3/15)

Altars:
Fedhas


Innate Abilities, Weirdness & Mutations

Your experience applies equally to all skills.
You have very sharp teeth.
Your uncanny sense of smell can sniff out nearby items.


Message History

It was a potion of curing.
You feel better. The orc priest misses you.
You hit the orc priest.
The orc priest is severely wounded.
The orc priest mumbles some strange prayers to Beogh against you.
Beogh smites you!
* * * LOW HITPOINT WARNING * * *
It was a potion of attraction.
You feel attractive to monsters.
The orc priest hits you with a +0 short sword.
* * * LOW HITPOINT WARNING * * *
You feel yourself speed up. The orc priest barely misses you.
You hit the orc priest.
The orc priest is almost dead.
The orc priest looks braver for a moment.
An orc comes into view. It is wielding a +0 club.
You hit the orc priest but do no damage.
The orc priest is almost dead.
The orc priest invokes the aid of Beogh against you.
Beogh smites you!
You die...

. .## .
..# o.
##.####.o.
#......o
#...o!
#.oo# #o#
#@## ##.#
##.###
#.#..##
#####.#
###


You could see 2 orc priests and 2 orcs.

Vanquished Creatures
  3 adders (D:2)
  4 worms
  A dart slug (D:1)
  2 leopard geckos (D:1)
  An orc (D:6)
  2 ball pythons
  5 bats
  2 giant cockroaches (D:3)
  7 goblins
  6 hobgoblins
  6 jackals (D:1)
  A quokka (D:3)
  4 frilled lizards
  4 kobolds
  8 rats
56 creatures vanquished.

Notes
Turn   | Place    | Note
-------+----------+-------------------------------------------
     0 | D:1      | Almogavar the Gnoll Wanderer began the quest for the Orb.
     0 | D:1      | Almogavar set off with the following items: a +2 dagger, a
                  | potion of haste, a +0 spear, a scroll of teleportation, a
                  | +0 robe
     0 | D:1      | Reached XP level 1. HP: 23/23 MP: 1/1
   229 | D:1      | Reached XP level 2. HP: 29/29 MP: 2/2
   539 | D:1      | Reached XP level 3. HP: 35/35 MP: 3/3
   939 | D:2      | Reached skill level 1 in Invocations
  1037 | D:2      | Reached skill level 1 in Short Blades
  1037 | D:2      | Reached skill level 1 in Long Blades
  1037 | D:2      | Reached skill level 1 in Axes
  1037 | D:2      | Reached skill level 1 in Maces & Flails
  1037 | D:2      | Reached skill level 1 in Staves
  1037 | D:2      | Reached skill level 1 in Slings
  1037 | D:2      | Reached skill level 1 in Bows
  1037 | D:2      | Reached skill level 1 in Crossbows
  1037 | D:2      | Reached skill level 1 in Throwing
  1037 | D:2      | Reached skill level 1 in Armour
  1037 | D:2      | Reached skill level 1 in Unarmed Combat
  1037 | D:2      | Reached skill level 1 in Spellcasting
  1037 | D:2      | Reached skill level 1 in Evocations
  1296 | D:2      | Reached XP level 4. HP: 36/41 MP: 5/5
  1888 | D:2      | Found a blossoming altar of Fedhas.
  2215 | D:3      | Reached skill level 1 in Conjurations
  2215 | D:3      | Reached skill level 1 in Hexes
  2215 | D:3      | Reached skill level 1 in Summonings
  2215 | D:3      | Reached skill level 1 in Necromancy
  2215 | D:3      | Reached skill level 1 in Translocations
  2215 | D:3      | Reached skill level 1 in Transmutations
  2215 | D:3      | Reached skill level 1 in Fire Magic
  2215 | D:3      | Reached skill level 1 in Ice Magic
  2215 | D:3      | Reached skill level 1 in Air Magic
  2215 | D:3      | Reached skill level 1 in Earth Magic
  2215 | D:3      | Reached skill level 1 in Poison Magic
  2742 | D:3      | You fall into a shaft and drop 3 floors!
  2743 | D:6      | Noticed an orc warrior
  2772 | D:6      | HP: 2/41 [orc priest/+0 short sword (1)]
  2775 | D:6      | Killed from afar by an orc priest

Illustrated notes

Levels and vault maps discovered:
D:1:      dpeg_arrival_rhombi, layout_basic, due_unseen_surprise
D:2:      cheibrodos_helix_gallery, layout_basic, serial_co_window_serial,
          co_window_corner_a, co_window_paths_a, co_window_of_opportunity_a,
          co_window_corner_a, co_window_of_opportunity_a,
          co_window_of_opportunity_a, co_window_corner_a, co_window_broadway_b,
          co_window_2corner, co_window_corner_b, co_window_corner_cb,
          co_window_paths_c, co_window_paths_c, glass_columns_a,
          glass_columns_b, glass_columns_a, glass_columns_a, glass_columns_c,
          fedhas_altar_3
D:3:      kennysheep_six_static_rooms, layout_basic
D:6:      layout_layer_cave, lemuel_crystal_altar, basic_altar, minmay_pentangle

Skill      XL: |  1  2  3  4 |
---------------+-------------+-----
Invocations    | 1 |  1.3
Short Blades   | 1 |  1.2
Long Blades    | 1 |  1.2
Axes           | 1 |  1.2
Maces & Flails | 1 |  1.2
Staves         | 1 |  1.2
Slings         | 1 |  1.2
Bows           | 1 |  1.2
Crossbows      | 1 |  1.2
Throwing       | 1 |  1.2
Armour         | 1 |  1.2
Unarmed Combat | 1 |  1.2
Spellcasting   | 1 |  1.2
Evocations     | 1 |  1.2
Conjurations   | 1 |  1.0
Hexes          | 1 |  1.0
Summonings     | 1 |  1.0
Necromancy     | 1 |  1.0
Translocations | 1 |  1.0
Transmutations | 1 |  1.0
Fire Magic     | 1 |  1.0
Ice Magic      | 1 |  1.0
Air Magic      | 1 |  1.0
Earth Magic    | 1 |  1.0
Poison Magic   | 1 |  1.0
Fighting       | |  6.6
Polearms       | |  4.7
Dodging        | |  4.7
Stealth        | |  4.3
Shields        | |  2.8

Action                   |  1- 3 |  4- 6 || total
-------------------------+-------+-------++-------
Melee: Spear             |    89 |    97 ||   186
       Bite              |    10 |    14 ||    24
       Punch             |     1 |     1 ||     2
  Use: Scroll            |     4 |     2 ||     6
       Potion            |       |     3 ||     3
 Stab: Sleeping          |     5 |     9 ||    14
Armor: Robe              |     5 |     8 ||    13
Dodge: Dodged            |    35 |    28 ||    63
